 Dungeon Crawl Stone Soup version 0.28.0-45-g0d030f2227 (webtiles) character file.

Game seed: 10283781370311874465

1287 bnorton916 the Frost Mage (level 8, -4/52 HPs)
             Began as a Barachi Ice Elementalist on Apr 7, 2022.
             Succumbed to an orc wizard's poison
             ... on level 5 of the Dungeon.
             The game lasted 00:11:17 (9297 turns).

bnorton916 the Frost Mage (BaIE)                    Turns: 9297, Time: 00:11:17

Health: -4/52      AC:  2    Str: 10    XL:     8   Next: 55%
Magic:  15/17      EV: 14    Int: 17    God:
Gold:   291        SH:  0    Dex: 13    Spells: 12/19 levels left

rFire   . . .      SeeInvis .   r - +3 hand axe (flame)
rCold   . . .      Faith    .   (no shield)
rNeg    . . .      Spirit   .   a - +0 robe
rPois   .          Reflect  .   (no helmet)
rElec   .          Harm     .   (no cloak)
rCorr   .          Rampage  .   (no gloves)
Will    .....                   (no boots)
Stlth   ++........              (no amulet)
HPRegen 0.17/turn               (no ring)
MPRegen 0.15/turn               (no ring)

@: lethally poisoned (-4 -> -32), slow
A: amphibious, slowness 1, strong legs 1, +LOS
a: Hop


You were on level 5 of the Dungeon.
You visited 2 branches of the dungeon, and saw 7 of its levels.

You collected 291 gold pieces.

Inventory:

Hand Weapons
 j - a +0 whip
 l - a +2 dagger of electrocution
 r - a +3 hand axe of flaming (weapon)
 s - a +3 flail of freezing
Missiles
 e - 159 stones (quivered)
 u - a throwing net
Armour
 a - a +0 robe (worn)
 b - a +1 leather armour
Jewellery
 m - a ring of resist corrosion
Scrolls
 c - a scroll of teleportation
 d - a scroll of amnesia
 i - 2 scrolls of enchant armour
 k - a scroll of immolation
 w - a scroll of vulnerability
Potions
 f - a potion of flight {unknown}
 g - 3 potions of curing
 h - a potion of degeneration
 q - 2 potions of haste
 x - a potion of mutation
 z - a potion of heal wounds


   Skills:
 - Level 4.0 Armour
 + Level 5.5 Dodging
 - Level 1.7 Stealth
 - Level 6.1 Spellcasting
 - Level 8.5 Ice Magic


You had 12 spell levels left.
You knew the following spells:

 Your Spells              Type           Power      Damage    Failure   Level
a - Freeze                Ice            100%       1d11      1%          1
b - Frozen Ramparts       Ice            68%        1d8       1%          3
c - Ozocubu's Armour      Ice            34%        N/A       1%          3

Your spell library contained the following spells:

 Spells                   Type           Power      Damage    Failure   Level
 Ensorcelled Hibernation  Hex/Ice        38%        N/A       3%          2
 Slow                     Hex            20%        N/A       13%         1
 Passwall                 Tmut/Erth      4%         N/A       19%         2
 Hailstorm                Conj/Ice       19%        3d6       22%         4
 Confusing Touch          Hex            5%         N/A       36%         3
 Swiftness                Air            5%         N/A       36%         3
 Vampiric Draining        Necr           5%         2d6       36%         3


Dungeon Overview and Level Annotations

Branches:
Dungeon (6/15)             Temple (1/1) D:5

Altars:
Fedhas
Hepliaklqana
Nemelex Xobeh
Okawaru
Ru
Trog
Wu Jian
Xom
Zin

Shops:
D:3 ([


Innate Abilities, Weirdness & Mutations

You are amphibious.
You cover ground slowly.
You can hop short distances.
You have an extended range of vision and can be seen from far away.


Message History

Unknown command.
You slash the orc! You burn the orc.
You kill the orc!
The wall freezes the orc wizard!
The orc wizard gestures wildly while chanting.
The orc wizard flickers and vanishes!
Deactivating autopickup; reactivate with Ctrl-A.
Unknown command.
You closely miss the orc wizard.
The orc wizard is heavily wounded.
The wall freezes the orc wizard.
The orc wizard gestures at you while chanting.
You resist with some effort.
Unknown command.
You hit the orc wizard. You burn the orc wizard.
The orc wizard is almost dead.
You miss something.
The wall freezes the orc wizard.
You kill the orc wizard!
The orc warrior throws a boomerang.
The boomerang closely misses you.
The wall freezes the orc.
The wall freezes something.
Something hits you.
You are poisoned.
The wall freezes the orc.
You kill the orc!
The orc warrior hits you from afar with a +0 trident!
The wall freezes something!
Something hits you.
You are more poisoned.
The frozen ramparts melt away as you move.
You feel very sick. Something hits you.
You are more poisoned.
There is a stone staircase leading up here.
You feel very sick.
The orc warrior throws a boomerang.
The boomerang hits you!
* * * LOW HITPOINT WARNING * * *
Something hits you.
* * * LOW HITPOINT WARNING * * *
You are more poisoned.
You climb upwards.
Reactivating autopickup.
You die...

######### #..@....# #.#####.#
#.# #.# #.# #.#
#########.#####.#####
###...................#
#...........#.###.....########
####.###.#######.#
#.##...รท...... .....# #.# #.#
#.....<....###


There were no monsters in sight!

Vanquished Creatures
  2 black bears (D:5)
  An ice beast (D:5)
  A centaur (D:5)
  A gnoll sergeant (D:3)
  A scorpion (D:5)
  A bullfrog zombie (D:5)
  3 hounds
  2 orc priests
  A gnoll shaman (D:4)
  3 iguanas
  A scorpion zombie (D:5)
  7 orc wizards
  A hound skeleton (D:5)
  10 gnolls
  A howler monkey skeleton (D:4)
  10 adders
  An ufetubus (D:4)
  An adder skeleton (D:4)
  A worm (D:3)
  5 dart slugs
  14 orcs
  6 endoplasms
  2 giant cockroaches
  8 goblins
  9 hobgoblins
  2 jackals (D:1)
  3 quokkas
  7 ball pythons
  5 bats
  4 frilled lizards
  5 kobolds
  5 rats
124 creatures vanquished.

Notes
Turn   | Place    | Note
-------+----------+-------------------------------------------
     0 | D:1      | bnorton916 the Barachi Ice Elementalist began the quest for
                  | the Orb.
     0 | D:1      | Reached XP level 1. HP: 13/13 MP: 3/3
    70 | D:1      | Reached skill level 5 in Ice Magic
   161 | D:1      | Reached XP level 2. HP: 16/19 MP: 2/5
  1466 | D:2      | Reached XP level 3. HP: 21/24 MP: 7/7
  1470 | D:2      | Learned a level 3 spell: Frozen Ramparts
  1474 | D:2      | Learned a level 3 spell: Ozocubu's Armour
  2015 | D:2      | Reached XP level 4. HP: 9/30 MP: 3/9
  2015 | D:2      | HP: 1/30 [gnoll/+0 spear (8)]
  2552 | D:2      | Reached skill level 6 in Ice Magic
  3066 | D:3      | Found Qofusos's Weapon Shoppe.
  3085 | D:3      | Reached XP level 5. HP: 7/35 MP: 6/10
  3639 | D:3      | Found Vujo's Armour Shoppe.
  3659 | D:3      | Reached XP level 6. HP: 27/41 MP: 8/12
  3666 | D:3      | Reached skill level 7 in Ice Magic
  3906 | D:3      | Reached skill level 5 in Spellcasting
  4503 | D:4      | Reached XP level 7. HP: 42/46 MP: 9/15
  5050 | D:4      | Reached skill level 8 in Ice Magic
  5946 | D:5      | Entered Level 5 of the Dungeon
  6030 | D:5      | Reached skill level 1 in Armour
  6337 | D:5      | Found a staircase to the Ecumenical Temple.
  6357 | Temple   | Entered the Ecumenical Temple
  6594 | D:4      | Reached XP level 8. HP: 11/52 MP: 11/17
  7145 | D:4      | HP: 2/52 [poisoned by a scorpion]
  8459 | D:5      | Reached skill level 5 in Dodging
  9297 | D:5      | Succumbed to an orc wizard's poison

Illustrated notes

Levels and vault maps discovered:
D:1:      dpeg_arrival_simpleton_a, layout_basic, minmay_hexomino_u4
D:2:      layout_basic
D:3:      layout_loops_cross, serial_shops, nicolae_shop_advertising_works
          [nicolae_subvault_shop_adworks],
          nicolae_shop_temple_entry_statues_fountains
D:4:      layout_basic, kennysheep_potato
D:5:      layout_loops_ring, minmay_temple_entry_tees, minivault_24
D:6:      layout_gridville, uniq_grinder
Temple:   compressed_dpeg_triangle_lava_temple

Skill      XL: |  1  2  3  4  5  6  7  8 |
---------------+-------------------------+-----
Ice Magic      | 5 6 7 8 |  8.5
Spellcasting   | 3 4 5 6 |  6.1
Armour         | 2 4 |  4.0
Dodging        | 3 5 |  5.5
Stealth        | |  1.7

Action                   |  1- 3 |  4- 6 |  7- 9 || total
-------------------------+-------+-------+-------++-------
Melee: Unarmed           |     3 |       |       ||     3
       Dagger            |     6 |    41 |    53 ||   100
       Punch             |       |     1 |       ||     1
       Hand axe          |       |       |    29 ||    29
Throw: Stone             |     1 |     1 |     3 ||     5
 Cast: Freeze            |    39 |    12 |     2 ||    53
       Frozen Ramparts   |     1 |    16 |    19 ||    36
       Ozocubu's Armour  |       |     1 |     8 ||     9
  Use: Scroll            |       |       |    14 ||    14
 Stab: Sleeping          |     1 |     3 |     1 ||     5
Armor: Robe              |    20 |     9 |    22 ||    51
Dodge: Dodged            |    33 |    32 |    70 ||   135
